AoeStats
← Dambo__

Arena

509678963Analyzed
2v2 RM · 5d ago on Sep 27, 2026· 46m 2s· 4 players
Game mode
Random Map
Map size
Medium (4 player)
Population
200
Speed
Normal
Resources
Standard
Victory
Conquest
Starting age
Dark Age
Ending age
Imperial Age
RankedLock teamsTeams togetherTeam positionsShared explorationLock speedFull tech treeHidden civsTurbo modeCheats
Victory
Defeat
🇵🇱 Celts · Poland
882
+13
🇵🇱 Poles · Poland
873
+13
🇨🇱 Spanish · Chile
819
-13
🇲🇽 Mongols · Mexico
804
-25
brauxico
10:47 Feudal Age
10:02 Loom
12:01 Town Watch
12:04 Double-Bit Axe
17:28 Castle Age
16:24 Stone Mining
17:12 Horse Collar
18:45 Bow Saw
21:23 Wheelbarrow
24:31 Hand Cart
29:12 Imperial Age
26:32 Town Watch
26:34 Loom
27:37 Stone Shaft Mining
26:56 Gold Mining
27:09 Murder Holes
29:24 Town Patrol
29:36 Heavy Plow
29:32 Fletching
29:54 Forging
30:07 Ballistics
31:16 Drill
31:56 Capped Ram
33:11 Husbandry
33:09 Elite Mangudai
34:33 Hoardings
33:31 Siege Ram
35:33 Siege Engineers
mauri90.hermosilla
10:56 Feudal Age
14:50 Castle Age
13:30 Stone Mining
16:53 Double-Bit Axe
18:38 Fervor
26:41 Caravan
27:16 Bow Saw
26:49 Horse Collar
28:28 Gold Mining
29:17 Wheelbarrow
29:11 Bloodlines
30:17 Hand Cart
30:57 Heavy Plow
36:49 Imperial Age
35:05 Forging
35:01 Scale Barding Armor
34:34 Pikeman
36:59 Iron Casting
38:39 Conscription
37:41 Cavalier
38:45 Chain Barding Armor
39:26 Blast Furnace
39:30 Husbandry
41:31 Plate Barding Armor
41:37 Paladin
42:23 Padded Archer Armor
43:40 Light Cavalry
43:54 Elite Conquistador
Dambo__
8:10 Loom
11:00 Feudal Age
14:33 Castle Age
12:29 Double-Bit Axe
12:25 Horse Collar
15:40 Bow Saw
15:31 Heavy Plow
21:08 Wheelbarrow
21:57 Gold Mining
22:36 Hand Cart
22:44 Hand Cart
23:23 Gold Shaft Mining
22:37 Loom
29:01 Imperial Age
27:41 Scale Mail Armor
27:51 Forging
28:09 Ballistics
28:00 Masonry
27:50 Stone Mining
27:30 Pikeman
27:56 Gambesons
28:01 Arson
29:07 Chain Mail Armor
28:55 Murder Holes
29:13 Fortified Wall
29:54 Stone Shaft Mining
29:10 Halberdier
30:26 Iron Casting
30:53 Chemistry
31:39 Plate Mail Armor
32:34 Siege Engineers
32:48 Heavy Scorpion
34:36 Blast Furnace
34:11 Stronghold
36:21 Caravan
38:00 Furor Celtica
38:12 Conscription
40:06 Hoardings
39:03 Sappers
40:08 Guilds
39:24 Capped Ram
43:27 Siege Ram
bogumil.allegro
12:37 Feudal Age
16:36 Castle Age
15:22 Double-Bit Axe
15:20 Horse Collar
22:05 Bow Saw
23:23 Wheelbarrow
22:40 Loom
25:12 Heavy Plow
26:23 Hand Cart
25:55 Town Watch
30:25 Imperial Age
29:49 Town Patrol
30:05 Masonry
30:10 Fortified Wall
30:25 Gold Mining
30:25 Stone Mining
31:01 Bloodlines
30:54 Husbandry
30:15 Light Cavalry
31:18 Murder Holes
32:42 Winged Hussar
34:39 Scale Barding Armor
34:45 Forging
34:37 Scale Mail Armor
34:38 Padded Archer Armor
34:28 Fletching
36:04 Chain Barding Armor
36:49 Stone Shaft Mining
37:07 Lechitic Legacy
37:15 Thumb Ring
36:30 Crossbowman
38:37 Iron Casting
38:19 Chain Mail Armor
38:31 Arbalester
39:24 Treadmill Crane
42:35 Heavy Mounted Crossbowman
43:40 Siege Engineers
43:59 Caravan
45:24 Blast Furnace
44:54 Plate Mail Armor
44:40 Leather Archer Armor
44:23 Bodkin Arrow
44:54 Ballistics
45:36 Chemistry
44:06 Cavalier
Connection lost

Rejoining the realm…

Still unreachable

The connection could not be restored.

Session expired

The server has moved on; the page needs a fresh start.